 Dungeon Crawl Stone Soup version 0.28.0 (webtiles) character file.

Game seed: 11280433546815086362

32 BeingJoeMalik the Cudgeller (level 3, -2/23 HPs)
             Began as a Tengu Fighter on Feb 6, 2022.
             Slain by an orc (3 damage)
             ... on level 1 of the Dungeon.
             The game lasted 00:01:41 (707 turns).

BeingJoeMalik the Cudgeller (Tengu Fighter)          Turns: 707, Time: 00:01:41

Health: -2/23      AC:  6    Str: 16    XL:     3   Next: 25%
Magic:  4/4        EV:  8    Int:  8    God:
Gold:   27         SH:  5    Dex: 15    Spells: 2/2 levels left

rFire   . . .      SeeInvis .   a - +0 flail
rCold   . . .      Faith    .   c - +0 buckler
rNeg    . . .      Spirit   .   b - +0 scale mail
rPois   .          Reflect  .   (helmet restricted)
rElec   .          Harm     .   (no cloak)
rCorr   .          Rampage  .   (no gloves)
Will    .....                   (boots unavailable)
Stlth   ..........              (no amulet)
HPRegen 0.07/turn               (no ring)
MPRegen 0.09/turn               (no ring)

@: no status effects
A: beak, talons 3
a: no special abilities


You were on level 1 of the Dungeon.
You visited 1 branch of the dungeon, and saw 2 of its levels.

You collected 27 gold pieces.

Inventory:

Hand Weapons
 a - a +0 flail (weapon)
Armour
 b - a +0 scale mail (worn)
 c - a +0 buckler (worn)
Scrolls
 f - a scroll of enchant armour {unknown}
 g - a scroll of summoning {unknown}
 h - a scroll of teleportation {unknown}
 i - a scroll of enchant weapon {unknown}
 j - a scroll of vulnerability {unknown}
Potions
 d - a potion of might
 e - a potion of mutation {unknown}
 k - a potion of flight {unknown}


   Skills:
 - Level 3.0 Fighting
 + Level 4.0 Maces & Flails
 - Level 3.2 Armour
 - Level 3.0 Shields


You had 2 spell levels left.
You didn't know any spells.
Your spell library was empty.

Dungeon Overview and Level Annotations

Branches:
Dungeon (2/15)

Altars:


Innate Abilities, Weirdness & Mutations

You have a beak for a mouth.
You have claws for feet.


Message History

Found a stone staircase leading down.
k - a white potion An orc comes into view.
It is wielding a +0 hand axe.
The orc shouts!
You hear a shout!
A giant cockroach comes into view.
An orc comes into view. It is wielding a +0 flail.
Found a stone staircase leading up.
The orc shouts!
You hear a shout!
An orc priest comes into view. It is wielding a +0 hand axe.
An orc comes into view. It is wielding a +0 hand axe.
There is a stone staircase leading up here.
You completely miss the orc. Your kick misses the orc.
The orc hits you with a +0 hand axe. You block the orc's attack.
You hit the orc. Your kick misses the orc.
The orc is severely wounded.
The orc hits you but does no damage.
You hit the orc.
You kill the orc!
The giant cockroach bites you but does no damage.
You hit the giant cockroach. You claw the giant cockroach.
The giant cockroach is severely wounded.
You block the giant cockroach's attack.
You hit the giant cockroach but do no damage.
Your kick misses the giant cockroach.
The giant cockroach is severely wounded.
The giant cockroach closely misses you. You block the giant cockroach's attack.
You sock the giant cockroach!
You kill the giant cockroach!
Your Maces & Flails skill increases to level 4!
The orc priest calls down the wrath of Beogh upon you.
Beogh smites you!
Ouch! That really hurt!
* * * LOW HITPOINT WARNING * * *
You block the orc's attack. The orc hits you with a +0 hand axe.
* * * LOW HITPOINT WARNING * * *
You climb upwards.
There is a stone staircase leading down here.
Unknown command.
The orc hits you with a +0 hand axe.
You die...

#.....## #.....# #.#
#####..###.....###.###
#............#...## #
#.#####..###.[....### #
#.# #..# #........# # #.#
###..###........#
####.###.....##........#
##...........[........#.#
...##.........##@.......#
.####..##.....##oo......#
## ##..##.....##........#
####..........###.....#)#
......###.....# ##...##.#
...##^# #.....# ######.#
.####.#####...# #.# .#
#..# #...# ####.# ## ##.#
#...# ##....#


You could see 2 orcs.

Vanquished Creatures
  An adder (D:2)
  An orc (D:2)
  2 ball pythons (D:1)
  A bat (D:1)
  3 endoplasms (D:1)
  2 giant cockroaches
  3 goblins (D:1)
  2 hobgoblins
  A frilled lizard (D:1)
  2 kobolds (D:1)
18 creatures vanquished.

Notes
Turn   | Place    | Note
-------+----------+-------------------------------------------
     0 | D:1      | BeingJoeMalik the Tengu Fighter began the quest for the
                  | Orb.
     0 | D:1      | Reached XP level 1. HP: 14/14 MP: 2/2
    84 | D:1      | Found a faded altar of an unknown god.
   258 | D:1      | Reached XP level 2. HP: 19/19 MP: 3/3
   302 | D:1      | Reached skill level 3 in Maces & Flails
   639 | D:2      | Reached XP level 3. HP: 23/23 MP: 4/4
   705 | D:2      | Reached skill level 4 in Maces & Flails
   705 | D:2      | HP: 1/23 [orc (3)]
   707 | D:1      | Slain by an orc

Illustrated notes

Levels and vault maps discovered:
D:1:      lightli_arrival_maybe_door_vault, layout_rooms,
          shapermc_ecumenical_altar_totnotflames
D:2:      layout_basic, grunt_ministairs_1

Skill      XL: |  1  2  3 |
---------------+----------+-----
Maces & Flails | 3 4 |  4.0
Fighting       | |  3.0
Armour         | |  3.2
Shields        | |  3.0

Action                   || total
-------------------------++-------
Melee: Flail             ||    37
       Kick              ||     4
       Peck              ||     1
Armor: Scale mail        ||    15
Dodge: Dodged            ||    19
Block: Buckler           ||     7
